General information
- name: BNet
- type: Ladder team game (AT/RT)
- host: Battle.net
- saver: nlggebastard
map: Mur'gulOasis
- players: 8
- length: 35:10
- speed: Fast
- version: 1.26 W3XP
- replay type: Public
» download(198 KB)
Players
team 1 (winner)
PopMoIIySweatin (
yellow | 41 APM | 1401 actions | 34:25)
5 Death Knight
3 Death Coil
2 Unholy Aura
4 Lich
2 Frost Nova
2 Frost Armor
2 Dreadlord
1 Sleep
1 Vampiric Aura
» actions
| Assign group hotkey | 22 | |
| Basic commands | 19 | |
| Build / train | 59 | |
| ESC pressed | 2 | |
| Enter build submenu | 11 | |
| Enter hero's abilities submenu | 11 | |
| Give item / drop item | 7 | |
| Right click | 686 | |
| Select / deselect | 180 | |
| Select group hotkey | 334 | |
| Use ability | 70 | |
1401 total
» units
| Acolyte | 2 | |
| Ghoul | 3 | |
| Crypt Fiend | 10 | |
15 total
» upgrades
| Creature Attack | 4 | |
| Creature Carapace | 3 | |
| Web | 1 | |
8 total
» buildings
| Graveyard | 1 | |
| Crypt | 1 | |
| Ziggurat | 5 | |
| Altar of Darkness | 1 | |
| Tomb of Relics | 1 | |
| Nerubian Tower | 2 | |
| Halls of the Dead | 2 | |
| Black Citadel | 2 | |
15 total
» build order
00:09 Graveyard
00:11 Crypt
00:40 Ziggurat
00:59 Altar of Darkness
01:48 Tomb of Relics
01:51 Ziggurat
02:47 Nerubian Tower
02:47 Nerubian Tower
03:39 Halls of the Dead
04:19 Ziggurat
06:35 Black Citadel
06:36 Black Citadel
07:48 Ziggurat
07:49 Ziggurat
» items
| Rod of Necromancy | 1 | |
| Potion of Mana | 2 | |
| Scroll of Healing | 1 | |
| Scroll of Town Portal | 2 | |
| Orb of Corruption | 1 | |
| Potion of Healing | 1 | |
8 total
unity5 (
purple | 51 APM | 1564 actions | 30:40)
5 Mountain King
3 Storm Bolt
1 Thunder Clap
1 Bash
5 Paladin
2 Holy Light
3 Divine Shield
3 Archmage
2 Summon Water Elemental
1 Blizzard
» actions
| Assign group hotkey | 51 | |
| Basic commands | 85 | |
| Build / train | 95 | |
| ESC pressed | 4 | |
| Enter build submenu | 17 | |
| Enter hero's abilities submenu | 13 | |
| Give item / drop item | 7 | |
| Right click | 385 | |
| Select / deselect | 252 | |
| Select group hotkey | 541 | |
| Use ability | 114 | |
1564 total
» units
| Peasant | 10 | |
| Footman | 13 | |
| Mortar Team | 13 | |
| Knight | 10 | |
46 total
» upgrades
| Lumber Harvesting | 2 | |
| Masonry | 3 | |
| Animal War Training | 1 | |
| Fragmentation Shards | 1 | |
| Long Rifles | 1 | |
| Flare | 1 | |
| Gunpowder | 3 | |
| Barrage | 1 | |
| Defend | 1 | |
| Flak Cannons | 1 | |
| Swords | 2 | |
| Magic Sentry | 1 | |
18 total
» buildings
| Altar of Kings | 1 | |
| Barracks | 1 | |
| Farm | 7 | |
| Scout Tower | 1 | |
| Arcane Tower | 3 | |
| Keep | 1 | |
| Blacksmith | 1 | |
| Arcane Vault | 1 | |
| Castle | 3 | |
| Lumber Mill | 1 | |
| Workshop | 1 | |
| Town Hall | 1 | |
| Arcane Sanctum | 1 | |
23 total
» build order
00:08 Altar of Kings
00:21 Barracks
00:34 Farm
00:55 Farm
01:27 Scout Tower
01:56 Arcane Tower
01:56 Arcane Tower
01:57 Arcane Tower
01:59 Farm
02:29 Farm
03:22 Keep
04:02 Blacksmith
05:21 Arcane Vault
05:44 Castle
05:44 Castle
05:52 Lumber Mill
06:00 Farm
06:25 Workshop
07:32 Farm
09:03 Farm
20:18 Town Hall
20:33 Arcane Sanctum
» items
| Circlet of Nobility | 1 | |
| Boots of Speed | 3 | |
| Scroll of Town Portal | 2 | |
| Lesser Clarity Potion | 1 | |
| Staff of Teleportation | 1 | |
8 total
TrumpVoter (
orange | 48 APM | 1672 actions | 34:41)
6 Blademaster
3 Wind Walk
2 Critical Strike
1 Bladestorm
» actions
| Assign group hotkey | 31 | |
| Basic commands | 167 | |
| Build / train | 58 | |
| Enter build submenu | 46 | |
| Enter hero's abilities submenu | 6 | |
| Give item / drop item | 9 | |
| Right click | 862 | |
| Select / deselect | 243 | |
| Select group hotkey | 99 | |
| Use ability | 151 | |
1672 total
» units
» upgrades
| Reinforced Defenses | 1 | |
| Ranged Weapons | 1 | |
| Armor | 1 | |
3 total
» buildings
| Orc Burrow | 6 | |
| Altar of Storms | 1 | |
| Barracks | 1 | |
| War Mill | 2 | |
| Stronghold | 1 | |
| Voodoo Lounge | 2 | |
| Watch Tower | 31 | |
| Fortress | 1 | |
| Great Hall | 1 | |
| Beastiary | 4 | |
50 total
» build order
00:19 Orc Burrow
00:57 Altar of Storms
00:59 Barracks
01:54 Orc Burrow
02:48 War Mill
03:06 Stronghold
03:20 Voodoo Lounge
05:10 Watch Tower
05:11 Watch Tower
05:12 Watch Tower
05:17 Watch Tower
06:56 Orc Burrow
06:59 Watch Tower
07:00 Watch Tower
07:01 Watch Tower
07:02 Watch Tower
07:18 Watch Tower
07:19 Watch Tower
07:22 Watch Tower
09:47 Fortress
10:21 Watch Tower
10:21 Watch Tower
10:22 Watch Tower
10:22 Watch Tower
10:22 Watch Tower
10:27 Watch Tower
10:27 Watch Tower
10:28 Watch Tower
10:31 Watch Tower
10:31 Watch Tower
10:35 Watch Tower
11:53 Orc Burrow
11:56 Orc Burrow
11:59 Orc Burrow
13:26 Great Hall
13:28 Watch Tower
13:28 Watch Tower
13:29 Watch Tower
13:31 Watch Tower
13:31 Watch Tower
13:32 Watch Tower
13:33 Watch Tower
14:01 Voodoo Lounge
17:45 War Mill
18:30 Beastiary
18:31 Beastiary
18:32 Beastiary
18:35 Beastiary
» items
| Healing Salve | 5 | |
| Lesser Clarity Potion | 3 | |
| Potion of Healing | 8 | |
| Scroll of Town Portal | 2 | |
| Potion of Mana | 4 | |
| Boots of Speed | 1 | |
| Staff of Teleportation | 3 | |
| Periapt of Vitality | 1 | |
| Scroll of Regeneration | 1 | |
| Potion of Lesser Invulnerability | 1 | |
29 total
PRO-SCENE.D (
blue | 46 APM | 1593 actions | 34:41)
4 Blademaster
2 Wind Walk
2 Critical Strike
» actions
| Assign group hotkey | 13 | |
| Basic commands | 80 | |
| Build / train | 53 | |
| Enter build submenu | 17 | |
| Enter hero's abilities submenu | 4 | |
| Give item / drop item | 2 | |
| Remove unit from queue | 1 | |
| Right click | 633 | |
| Select / deselect | 229 | |
| Select group hotkey | 453 | |
| Use ability | 108 | |
1593 total
» units
» upgrades
| Reinforced Defenses | 1 | |
| Envenomed Spears | 1 | |
| Ranged Weapons | 2 | |
| Armor | 2 | |
6 total
» buildings
| Altar of Storms | 1 | |
| Orc Burrow | 7 | |
| War Mill | 1 | |
| Voodoo Lounge | 1 | |
| Watch Tower | 13 | |
| Stronghold | 1 | |
| Beastiary | 3 | |
| Fortress | 2 | |
29 total
» build order
00:06 Altar of Storms
00:24 Orc Burrow
00:43 War Mill
01:23 Voodoo Lounge
01:59 Watch Tower
02:47 Stronghold
03:03 Watch Tower
03:39 Watch Tower
03:40 Watch Tower
03:49 Orc Burrow
05:33 Beastiary
05:34 Beastiary
05:41 Watch Tower
05:42 Watch Tower
05:45 Fortress
07:02 Orc Burrow
07:07 Orc Burrow
10:09 Orc Burrow
10:10 Orc Burrow
10:37 Orc Burrow
12:38 Watch Tower
12:38 Watch Tower
12:38 Watch Tower
12:39 Watch Tower
13:51 Watch Tower
13:52 Watch Tower
13:53 Watch Tower
16:20 Beastiary
» items
| Healing Salve | 2 | |
| Lesser Clarity Potion | 1 | |
| Staff of Teleportation | 1 | |
| Boots of Speed | 1 | |
| Potion of Healing | 4 | |
| Tiny Great Hall | 1 | |
| Orb of Lightning | 1 | |
| Scroll of Town Portal | 1 | |
12 total
team 2 (loser)

»
myalliesnoob (
green | 127 APM | 2139 actions | 16:54)
4 Death Knight
2 Death Coil
2 Unholy Aura
1 Lich
1 Frost Nova
1 Archmage
1 Summon Water Elemental
» actions
| Assign group hotkey | 43 | |
| Build / train | 78 | |
| ESC pressed | 12 | |
| Enter build submenu | 21 | |
| Enter hero's abilities submenu | 6 | |
| Give item / drop item | 1 | |
| Right click | 1190 | |
| Select / deselect | 270 | |
| Select group hotkey | 384 | |
| Use ability | 134 | |
2139 total
» units
| Acolyte | 10 | |
| Ghoul | 2 | |
| Crypt Fiend | 12 | |
| Obsidian Statue | 1 | |
| Frost Wyrm | 2 | |
| Sorceress | 4 | |
| Mortar Team | 3 | |
| Peasant | 3 | |
37 total
» upgrades
» buildings
| Graveyard | 1 | |
| Crypt | 1 | |
| Ziggurat | 5 | |
| Altar of Darkness | 1 | |
| Tomb of Relics | 1 | |
| Nerubian Tower | 4 | |
| Halls of the Dead | 3 | |
| Black Citadel | 1 | |
| Sacrificial Pit | 1 | |
| Slaughterhouse | 1 | |
| Boneyard | 2 | |
| Blacksmith | 1 | |
| Arcane Sanctum | 1 | |
| Workshop | 1 | |
| Farm | 4 | |
28 total
» build order
00:10 Graveyard
00:11 Crypt
00:38 Ziggurat
00:56 Altar of Darkness
01:36 Tomb of Relics
01:41 Ziggurat
02:12 Nerubian Tower
02:12 Nerubian Tower
02:12 Nerubian Tower
02:59 Halls of the Dead
03:00 Halls of the Dead
03:20 Ziggurat
03:46 Ziggurat
04:40 Ziggurat
05:40 Black Citadel
05:46 Sacrificial Pit
05:57 Slaughterhouse
08:03 Boneyard
08:51 Boneyard
12:29 Blacksmith
12:31 Arcane Sanctum
13:43 Workshop
15:03 Farm
15:04 Farm
15:04 Farm
15:05 Farm
» items
| Rod of Necromancy | 3 | |
| Scroll of Town Portal | 2 | |
| Potion of Mana | 1 | |
| Orb of Corruption | 2 | |
| Potion of Healing | 2 | |
| Dust of Appearance | 1 | |
| Potion of Lesser Invulnerability | 1 | |
12 total
ShowMeOnTheDoll (
red | 36 APM | 423 actions | 11:36)
2 Mountain King
1 Storm Bolt
1 Bash
» actions
| Build / train | 26 | |
| ESC pressed | 5 | |
| Enter build submenu | 7 | |
| Enter hero's abilities submenu | 2 | |
| Remove unit from queue | 6 | |
| Right click | 263 | |
| Select / deselect | 83 | |
| Use ability | 30 | |
423 total
» units
» buildings
| Altar of Kings | 1 | |
| Farm | 2 | |
| Scout Tower | 2 | |
| Arcane Tower | 2 | |
| Keep | 1 | |
| Arcane Vault | 1 | |
9 total
» build order
00:05 Altar of Kings
00:08 Farm
00:49 Farm
03:03 Scout Tower
03:28 Arcane Tower
03:30 Scout Tower
04:09 Arcane Tower
09:53 Keep
09:55 Arcane Vault
» items
| Dust of Appearance | 2 | |
| Rod of Necromancy | 1 | |
3 total
Dannyboyy (
pink | 27 APM | 375 actions | 13:48)
2 Death Knight
1 Death Coil
1 Unholy Aura
» actions
| Build / train | 34 | |
| Enter build submenu | 12 | |
| Enter hero's abilities submenu | 2 | |
| Right click | 161 | |
| Select / deselect | 147 | |
| Use ability | 19 | |
375 total
» units
| Acolyte | 3 | |
| Ghoul | 3 | |
| Crypt Fiend | 16 | |
22 total
» upgrades
| Creature Attack | 2 | |
| Creature Carapace | 2 | |
| Web | 1 | |
5 total
» buildings
| Ziggurat | 4 | |
| Crypt | 1 | |
| Altar of Darkness | 1 | |
| Graveyard | 1 | |
| Halls of the Dead | 2 | |
| Nerubian Tower | 1 | |
| Black Citadel | 1 | |
| Sacrificial Pit | 1 | |
12 total
» build order
00:11 Ziggurat
00:16 Crypt
00:47 Altar of Darkness
01:10 Ziggurat
02:16 Graveyard
03:23 Halls of the Dead
05:40 Halls of the Dead
05:49 Nerubian Tower
06:56 Ziggurat
07:50 Ziggurat
08:23 Black Citadel
08:30 Sacrificial Pit
nlggebastard (
teal | 92 APM | 3253 actions | 35:10)
6 Death Knight
3 Death Coil
3 Unholy Aura
4 Crypt Lord
2 Carrion Beetles
2 Spiked Carapace
» actions
| Assign group hotkey | 61 | |
| Basic commands | 85 | |
| Build / train | 151 | |
| Enter build submenu | 29 | |
| Enter hero's abilities submenu | 10 | |
| Give item / drop item | 2 | |
| Remove unit from queue | 2 | |
| Right click | 1215 | |
| Select / deselect | 530 | |
| Select group hotkey | 994 | |
| Use ability | 174 | |
3253 total
» units
| Acolyte | 7 | |
| Ghoul | 7 | |
| Crypt Fiend | 12 | |
| Obsidian Statue | 6 | |
| Abomination | 4 | |
36 total
» upgrades
| Creature Attack | 3 | |
| Creature Carapace | 3 | |
| Burrow | 1 | |
| Web | 1 | |
| Destroyer Form | 1 | |
| Unholy Armor | 2 | |
| Unholy Strength | 4 | |
| Disease Cloud | 1 | |
| Ghoul Frenzy | 1 | |
| Cannibalize | 1 | |
| Exhume Corpses | 1 | |
| Backpack | 1 | |
20 total
» buildings
| Graveyard | 1 | |
| Crypt | 3 | |
| Ziggurat | 11 | |
| Tomb of Relics | 1 | |
| Altar of Darkness | 1 | |
| Halls of the Dead | 5 | |
| Spirit Tower | 23 | |
| Nerubian Tower | 10 | |
| Slaughterhouse | 1 | |
| Black Citadel | 3 | |
| Necropolis | 1 | |
60 total
» build order
00:14 Graveyard
00:24 Crypt
00:40 Ziggurat
01:03 Crypt
01:04 Crypt
01:18 Tomb of Relics
01:39 Altar of Darkness
02:29 Ziggurat
03:41 Ziggurat
04:34 Halls of the Dead
04:48 Spirit Tower
04:48 Spirit Tower
04:48 Spirit Tower
06:00 Nerubian Tower
06:00 Nerubian Tower
06:00 Nerubian Tower
06:44 Ziggurat
08:19 Nerubian Tower
08:19 Nerubian Tower
08:19 Nerubian Tower
08:23 Slaughterhouse
09:38 Black Citadel
09:38 Black Citadel
09:39 Black Citadel
10:05 Ziggurat
11:51 Spirit Tower
15:38 Necropolis
16:37 Ziggurat
17:23 Ziggurat
17:24 Ziggurat
17:26 Ziggurat
17:29 Ziggurat
17:30 Ziggurat
18:32 Spirit Tower
18:32 Spirit Tower
18:33 Spirit Tower
18:40 Spirit Tower
18:40 Spirit Tower
18:40 Spirit Tower
19:18 Nerubian Tower
19:19 Nerubian Tower
19:19 Nerubian Tower
19:19 Spirit Tower
19:20 Spirit Tower
19:20 Spirit Tower
19:56 Spirit Tower
19:56 Spirit Tower
29:05 Spirit Tower
29:06 Spirit Tower
29:06 Halls of the Dead
29:07 Halls of the Dead
» items
| Rod of Necromancy | 4 | |
| Periapt of Vitality | 2 | |
| Scroll of Town Portal | 4 | |
| Orb of Corruption | 2 | |
| Scroll of Healing | 3 | |
15 total
Chat log
(04:47 / Allies) ShowMeOnTheDoll: get dust
(05:48 / Allies) ShowMeOnTheDoll: lots of bms, have dust
(06:08 / All) TrumpVoter: green mh?
(06:24 / Allies) ShowMeOnTheDoll: lol
(06:25 / All) PRO-SCENE.D: lawl
(08:11 / Allies) myalliesnoob: 凹kill nurrow1
(08:13 / All) myalliesnoob: 11
(08:16 / All) myalliesnoob: 1
(08:37 / Allies) ShowMeOnTheDoll: coil stuff to heal
(08:38 / All) TrumpVoter: really faggot
(09:11 / Allies) ShowMeOnTheDoll: coil
(09:43 / Allies) ShowMeOnTheDoll: out
(09:48 / Allies) ShowMeOnTheDoll: teal maybe hit?
(09:54 / All) TrumpVoter: what is your major malfuction numbnuts?
(09:57 / Allies) nlggebastard: k
(10:05 / Allies) ShowMeOnTheDoll: lol teal
(10:12 / Allies) ShowMeOnTheDoll: u should have hit like an hour ago
(10:16 / Allies) ShowMeOnTheDoll: during the big fight
(10:33 / Allies) ShowMeOnTheDoll: teal is passive aggressive tk
(10:40 / Allies) nlggebastard: ?
(10:59 / Allies) ShowMeOnTheDoll: kill peons not farms
(11:00 / Allies) ShowMeOnTheDoll: lol
(11:08 / Allies) nlggebastard: I food block him
(12:10 / Allies) myalliesnoob: COME TEAL
(12:16 / Allies) nlggebastard: where 2
(12:18 / Allies) Dannyboyy: omw
(14:16 / All) TrumpVoter: where you getting the gold green
(14:18 / All) PRO-SCENE.D: green tavern rezzing
(14:25 / All) TrumpVoter: how does he have so much gold
(15:44 / Allies) myalliesnoob: YTP
(15:44 / All) TrumpVoter: green had two boneyards too
(15:50 / All) PRO-SCENE.D: teal dk got lucky as hell wtf
(15:52 / All) TrumpVoter: rezzed his heroes multiple times
(15:54 / All) TrumpVoter: all those fiends
(16:14 / Allies) nlggebastard: omw
(18:36 / All) nlggebastard: out
(18:57 / All) PopMoIIySweatin: Wtf
(18:59 / All) PopMoIIySweatin: tk
(19:01 / All) PopMoIIySweatin: ?
(19:02 / All) nlggebastard: out
(19:02 / All) PRO-SCENE.D: fuk u nigga
(19:05 / All) PRO-SCENE.D: me > u
(19:08 / All) PRO-SCENE.D: me
(19:08 / All) nlggebastard: I brokered a teal with those guys
(19:10 / All) TrumpVoter: yellow is a FUCC NIGGER
(19:11 / All) nlggebastard: u 2 have forfeit lose
(19:12 / All) TrumpVoter: FUCC NIGGER
(19:16 / All) TrumpVoter: FUCK YOU FUCC NIGGA
(19:18 / All) PRO-SCENE.D: yellow tked
(19:27 / All) PRO-SCENE.D: killing yellow cuz he tked
(19:41 / All) PopMoIIySweatin: ROFL
(19:49 / All) PopMoIIySweatin: i was like wtf
(19:52 / All) PRO-SCENE.D: fuk u for threatening to tk orange
(19:54 / All) PRO-SCENE.D: fucker
(19:55 / All) PRO-SCENE.D: mother
(20:00 / All) PopMoIIySweatin: i could use spells or webb
(20:09 / All) PopMoIIySweatin: this must be a cry baby
(20:16 / All) PRO-SCENE.D: im a man child
(20:19 / All) PRO-SCENE.D: goku fan #1
(20:21 / All) PopMoIIySweatin: ur a mother
(20:24 / All) PopMoIIySweatin: child
(20:32 / All) PopMoIIySweatin: u live of of ur mom
(20:33 / All) PRO-SCENE.D: goku = naruto > vegeta...............................> u
(20:44 / All) PopMoIIySweatin: ur mom feeds u
(20:51 / All) PopMoIIySweatin: and dresses u
(20:56 / All) TrumpVoter: WHATEVER FUCC NIGGA
(20:57 / All) TrumpVoter: LEAVE
(20:57 / All) nlggebastard: only jake
(21:41 / All) PRO-SCENE.D: die molly
(21:43 / All) PRO-SCENE.D: u whore
(21:57 / All) PRO-SCENE.D: DENVER COLORADO PEYTON GONNA WIN 2ND RING
(23:46 / All) PopMoIIySweatin: I drive thru ur piece of shit citie
(23:47 / All) PRO-SCENE.D: dum fuk!!!!!!
(25:25 / All) PRO-SCENE.D: fucker wont give pu
(27:57 / All) PRO-SCENE.D: FUK U YELLOWWWWWWW
(28:01 / All) PRO-SCENE.D: SUN OF BITCH
(29:18 / All) PRO-SCENE.D: divine shield so gay
(29:47 / All) nlggebastard: brb
(30:26 / All) PRO-SCENE.D: im white
(30:27 / All) PRO-SCENE.D: so im rich
(30:48 / All) PopMoIIySweatin: anyways
(30:51 / All) PopMoIIySweatin: teal
(30:52 / All) TrumpVoter: I'm hood rich
(30:54 / All) PopMoIIySweatin: GJ
(31:04 / All) PRO-SCENE.D: wut did teal do
(31:16 / All) PopMoIIySweatin: i got these mamass boys
(31:27 / All) PopMoIIySweatin: tked real men
(31:28 / All) TrumpVoter: u trippin fucc nigga
(31:36 / All) PopMoIIySweatin: living off of mom
(31:40 / All) PopMoIIySweatin: and
(31:44 / All) PopMoIIySweatin: if no mom
(31:46 / All) TrumpVoter: and?
(31:48 / All) TrumpVoter: AND?
(31:50 / All) PopMoIIySweatin: no fun no internet no game
(31:54 / All) TrumpVoter: I GET EBT 2 FUCC NIGGA
(32:33 / All) TrumpVoter: I BUY STEAK AND FRIED CHICKEN WITH MY EBT
(32:34 / All) PopMoIIySweatin: they claim white but they actign black
(32:38 / All) TrumpVoter: EBT EBT I JUST SWIPE MY EBT
(32:44 / All) PopMoIIySweatin: they are saying "nigga'
(32:47 / All) TrumpVoter: I AM BLACK NIGGA
(32:50 / All) TrumpVoter: BLACK AND IM PROUD
(32:55 / All) PopMoIIySweatin: now they r black
(33:06 / All) TrumpVoter: BLUE A FUCC NIGGA LIKE YOU
(33:10 / All) TrumpVoter: IM A PROUD BLACK MAN
(33:14 / All) TrumpVoter: AND IM VOTIN DONALD TRUMP
(33:20 / All) PopMoIIySweatin: all im saying
(33:23 / All) PopMoIIySweatin: i fuck u all
(33:27 / All) PopMoIIySweatin: oj and blue
(33:27 / All) TrumpVoter: LIKE LOUIS FARRAKHAN
(33:31 / All) PopMoIIySweatin: u fuck ur mom
(33:39 / All) PopMoIIySweatin: for waste of time
(33:41 / All) TrumpVoter: YOU DIPPIN BELOW THE BELT SON
(33:42 / All) PopMoIIySweatin: and TEAL
(33:42 / All) TrumpVoter: THATS COLD
(33:49 / All) PopMoIIySweatin: TEAL GG
(33:54 / All) PopMoIIySweatin: u deserve t win
(33:58 / All) TrumpVoter: IF YOU LIKE HIM SO MUCH WHY DONT YOU MARRY HIM
(33:59 / All) TrumpVoter: FAGGOT
(34:18 / All) TrumpVoter: I THINK HE GONNA PROPOSE TO YOU TEAL
(34:19 / All) TrumpVoter: WATCH OUT
(34:26 / All) TrumpVoter: WE GOT A FUCC NIGGA ON THE DOWNLOW
(34:30 / All) TrumpVoter: AHHHH SHIIIEEET
(34:40 / All) PRO-SCENE.D: we lose i say
(34:41 / All) nlggebastard: b